 Dungeon Crawl Stone Soup version 0.31-a0-819-gf6de2f5ab6 (webtiles) character file.

Game seed: 608207592133989862

5368 randomguy2701 the Nimble (level 10, -2/82 HPs)
             Began as a Gnoll Wanderer on Sept 24, 2023.
             Was an Initiate of Gozag.
             Slain by an efreet
             ... wielding a +2 scimitar of flaming
              (12 damage)
             ... on level 9 of the Dungeon.
             The game lasted 00:14:27 (9452 turns).

randomguy2701 the Nimble (Gnoll Wanderer)           Turns: 9452, Time: 00:14:28

Health: -2/82      AC: 18    Str: 14    XL:     10   Next: 65%
Magic:  18/18      EV:  7    Int: 14    God:    Gozag
Gold:   938        SH:  9    Dex: 11    Spells: 20/20 levels left

rFire   . . .        c - +3 flail (heavy)
rCold   + . .        f - +0 kite shield
rNeg    . . .        r - +0 chain mail
rPois   .            (no helmet)
rElec   .            w - +2 cloak
rCorr   .            (no gloves)
SInv    .            q - +0 pair of boots
Will    .....        (no amulet) Stlth
                     h - +4 ring of protection
HPRegen 0.33/turn    A - ring of protection from cold
MPRegen 0.16/turn

%: no passive effects
@: no status effects
A: fangs 1, strong nose, distributed training
a: Renounce Religion, Potion Petition, Call Merchant, Bribe Branch


You were on level 9 of the Dungeon.
You worshipped Gozag.
Gozag was pleased with you.
You visited 2 branches of the dungeon, and saw 10 of its levels.
You also visited: Bailey.

You collected 980 gold pieces.
You paid 42 gold pieces to Gozag.

Inventory:

Hand Weapons
 a - a +3 mace
 c - a +3 heavy flail (weapon)
Missiles
 x - 2 throwing nets
Armour
 d - a +0 leather armour
 f - a +0 kite shield (worn)
 q - a +0 pair of boots (worn)
 r - a +0 chain mail (worn)
 w - a +2 cloak (worn)
Jewellery
 h - a +4 ring of protection (left hand)
 A - a ring of protection from cold (right hand)
 E - a ring of willpower
Wands
 t - a wand of acid (1)
 v - a wand of roots (2)
 D - a wand of flame (58)
 G - a wand of polymorph (12)
 H - a wand of mindburst (20)
Scrolls
 b - 3 scrolls of teleportation
 e - a scroll of amnesia {unknown}
 j - 3 scrolls of noise {unknown}
 k - 2 scrolls of fear {unknown}
 l - 2 scrolls of poison {unknown}
 m - 3 scrolls of revelation {unknown}
 n - a scroll of fog {unknown}
 p - a scroll of enchant armour {unknown}
 y - a scroll of vulnerability {unknown}
 B - a scroll of enchant weapon {unknown}
 C - 3 scrolls of identify {unknown}
 F - a scroll of immolation {unknown}
Potions
 g - 2 potions of berserk rage {unknown}
 i - 2 potions of brilliance {unknown}
 o - 2 potions of might {unknown}
 s - 2 potions of heal wounds {unknown}
 u - 3 potions of invisibility {unknown}
 z - a potion of cancellation {unknown}
 I - a potion of mutation {unknown}


   Skills:
 + Level 8.7 Fighting
 + Level 5.6 Short Blades
 + Level 5.6 Long Blades
 + Level 5.6 Axes
 + Level 8.7 Maces & Flails
 + Level 5.6 Polearms
 + Level 5.6 Staves
 + Level 5.6 Ranged Weapons
 + Level 5.6 Throwing
 + Level 5.6 Armour
 + Level 8.7 Dodging
 + Level 5.6 Stealth
 + Level 5.6 Shields
 + Level 6.2 Unarmed Combat
 + Level 5.6 Spellcasting
 + Level 4.6 Conjurations
 + Level 4.6 Hexes
 + Level 4.6 Summonings
 + Level 4.6 Necromancy
 + Level 4.6 Translocations
 + Level 4.6 Transmutations
 + Level 4.6 Fire Magic
 + Level 4.6 Ice Magic
 + Level 4.6 Air Magic
 + Level 4.6 Earth Magic
 + Level 4.6 Poison Magic
 + Level 6.1 Invocations
 + Level 5.6 Evocations
 + Level 5.1 Shapeshifting


You had 20 spell levels left.
You didn't know any spells.
Your spell library contained the following spells:

 Spells                   Type           Power      Damage    Failure   Level
 Freeze                   Ice            64%        1d7       69%         1
 Frozen Ramparts          Ice            32%        1d5       96%         3
 Hailstorm                Conj/Ice       16%        3d6       96%         3
 Chain Lightning          Conj/Air       8%         3d10      100%        9
 Fire Storm               Conj/Fire      8%         8d2       100%        9
 Shatter                  Erth           8%         3d10*     100%        9


Dungeon Overview and Level Annotations

Branches:
Dungeon (9/15)             Temple (1/1) D:5          Bailey (visited)
   Lair: D:8-11         Orc: D:9-12

Altars:
Ashenzari
Cheibriados
Dithmenos
Elyvilon
Fedhas
Gozag
Hepliaklqana
Kikubaaqudgha
Makhleb
Nemelex Xobeh
Okawaru
Ru
Trog
Vehumet
Wu Jian
Xom
Yredelemnul
Zin
The Shining One

Shops:
D:5 *

Annotations:
Temple 2 transporters


Innate Abilities, Weirdness & Mutations

You have very sharp teeth.
Your uncanny sense of smell can sniff out nearby items.
Your experience applies equally to all skills.


Message History

There is a stone staircase leading up here.
An efreet is nearby!
The efreet gestures at you.
The fireball explodes!
The fireball engulfs you! The efreet gestures at you.
The bolt of fire hits you!
You thump the efreet!
The efreet is moderately wounded.
The efreet gestures at you.
The fireball explodes!
The fireball engulfs you!
The fireball engulfs the efreet.
The efreet completely resists.
You hit the efreet.
The efreet is moderately wounded.
The efreet hits you with a +2 scimitar of flaming.
The efreet burns you. You block the efreet's attack.
You bludgeon the efreet!!
The efreet is severely wounded.
The efreet hits you with a +2 scimitar of flaming.
The efreet burns you.
Unknown command.
You are too injured to fight recklessly!
Unknown command.
You are too injured to fight recklessly!
You completely miss the efreet.
The efreet is severely wounded.
The efreet hits you with a +2 scimitar of flaming.
The efreet burns you. The efreet gestures at you.
The fireball explodes!
The fireball engulfs you!
* * * LOW HITPOINT WARNING * * *
The fireball engulfs the efreet.
The efreet completely resists.
You hit the efreet.
The efreet is almost dead.
The efreet hits you with a +2 scimitar of flaming!
* * * LOW HITPOINT WARNING * * *
The efreet burns you.
* * * LOW HITPOINT WARNING * * *
The efreet hits you with a +2 scimitar of flaming!
You die...
Your body crumbles into a pile of gold.

###########
#.........#
+..R......+
#...@.....#
#.........#
#.........#
#....<....#
#.........#
#!........#
########+##


You could see an efreet.

Vanquished Creatures
  An orc knight (Bailey)
  Joseph (D:8)
  2 hornets (D:8)
  Prince Ribbit (D:5)
  2 vampire mosquitoes (D:5)
  3 yaks (D:8)
  3 water moccasins
  2 acid dragons (D:8)
  Edmund (D:4)
  A black bear (D:7)
  2 ice beasts
  An orc warrior (Bailey)
  2 ogres (D:6)
  A centaur (D:6)
  A phantom (D:5)
  A kobold brigand (D:8)
  3 bullfrogs
  6 scorpions
  2 gnoll sergeants (D:8)
  7 wights
  A howler monkey (D:7)
  A jelly (D:6)
  An orc priest (D:5)
  5 hounds
  2 sleepcaps (D:7)
  3 iguanas
  6 orc wizards
  A mummy (D:6)
  13 gnolls
  11 adders
  A white imp (D:8)
  A worm (D:4)
  5 dart slugs
  28 orcs
  7 endoplasms
  6 giant cockroaches
  13 goblins
  15 hobgoblins
  A jackal (D:4)
  14 kobolds
  4 quokkas
  9 ball pythons
  2 bats (D:3)
  4 frilled lizards
  4 kobold zombies (D:6)
  8 rats
209 creatures vanquished.

Vanquished Creatures (others)
  A vampire mosquito (D:6)
  An ogre (D:5)
2 creatures vanquished.

Grand Total: 211 creatures vanquished

Notes
Turn   | Place    | Note
-------+----------+-------------------------------------------
     0 | D:1      | randomguy2701 the Gnoll Wanderer began the quest for the
                  | Orb.
     0 | D:1      | randomguy2701 set off with the following items: a +3 mace,
                  | a scroll of teleportation, a scroll of blinking, a +0
                  | leather armour.
     0 | D:1      | Reached XP level 1. HP: 23/23 MP: 1/1
     7 | D:1      | Found a faded altar of an unknown god.
   240 | D:1      | Reached XP level 2. HP: 23/29 MP: 2/2
   510 | D:1      | Reached XP level 3. HP: 33/35 MP: 3/3
  1152 | D:2      | Reached skill level 1 in Invocations
  1192 | D:2      | Reached skill level 1 in Short Blades
  1192 | D:2      | Reached skill level 1 in Long Blades
  1192 | D:2      | Reached skill level 1 in Axes
  1192 | D:2      | Reached skill level 1 in Polearms
  1192 | D:2      | Reached skill level 1 in Staves
  1192 | D:2      | Reached skill level 1 in Ranged Weapons
  1192 | D:2      | Reached skill level 1 in Throwing
  1192 | D:2      | Reached skill level 1 in Armour
  1192 | D:2      | Reached skill level 1 in Stealth
  1192 | D:2      | Reached skill level 1 in Shields
  1192 | D:2      | Reached skill level 1 in Spellcasting
  1192 | D:2      | Reached skill level 1 in Evocations
  1357 | D:2      | Reached XP level 4. HP: 41/41 MP: 5/5
  1443 | D:2      | Reached skill level 1 in Shapeshifting
  1767 | D:3      | Reached skill level 1 in Conjurations
  1767 | D:3      | Reached skill level 1 in Hexes
  1767 | D:3      | Reached skill level 1 in Summonings
  1767 | D:3      | Reached skill level 1 in Necromancy
  1767 | D:3      | Reached skill level 1 in Translocations
  1767 | D:3      | Reached skill level 1 in Transmutations
  1767 | D:3      | Reached skill level 1 in Fire Magic
  1767 | D:3      | Reached skill level 1 in Ice Magic
  1767 | D:3      | Reached skill level 1 in Air Magic
  1767 | D:3      | Reached skill level 1 in Earth Magic
  1767 | D:3      | Reached skill level 1 in Poison Magic
  1850 | D:3      | Noticed an ice beast
  1867 | D:3      | Killed an ice beast
  1868 | D:3      | Reached XP level 5. HP: 15/47 MP: 5/7
  2214 | D:3      | Reached XP level 6. HP: 46/53 MP: 8/8
  2833 | D:4      | Found a sacrificial altar of Ru.
  3238 | D:4      | Noticed Edmund
  3255 | D:4      | Reached XP level 7. HP: 40/59 MP: 10/10
  3420 | D:4      | Killed Edmund
  3601 | D:5      | Entered Level 5 of the Dungeon
  3716 | D:5      | Found a staircase to the Ecumenical Temple.
  4081 | D:5      | Noticed Prince Ribbit
  4149 | D:5      | Killed Prince Ribbit
  4150 | D:5      | Reached XP level 8. HP: 27/67 MP: 12/12
  4299 | Temple   | Found a transporter.
  4299 | Temple   | Found a transporter.
  4299 | Temple   | Found a transporter.
  4299 | Temple   | Found a transporter.
  4299 | Temple   | Entered the Ecumenical Temple
  4315 | Temple   | Became a worshipper of Gozag Ym Sagoz the Greedy
  4533 | D:5      | Found Winaasem's Serpentskin Sales.
  4569 | D:5      | Found a glowing golden altar of the Shining One.
  5452 | D:5      | Reached XP level 9. HP: 32/73 MP: 14/14
  5885 | D:6      | Identified the +2 short sword of Untimely Demise {drain,
                  | Int+4}
  6205 | D:6      | Reached skill level 5 in Unarmed Combat
  6780 | D:7      | Found a shimmering altar of Xom.
  6809 | D:7      | Reached skill level 5 in Invocations
  6901 | D:7      | Identified the +3 leather armour of Supple Strength {Int+3}
  6931 | D:7      | Found a flagged portal.
  6942 | Bailey   | Entered a bailey
  7015 | Bailey   | Noticed an orc knight
  7023 | Bailey   | Killed an orc knight
  7024 | Bailey   | Reached XP level 10. HP: 27/80 MP: 15/17
  7067 | Bailey   | HP: 4/80 [orc warrior/+0 war axe (14)]
  7334 | D:7      | Found a broken altar of Ashenzari.
  7635 | D:8      | Reached skill level 5 in Short Blades
  7635 | D:8      | Reached skill level 5 in Long Blades
  7635 | D:8      | Reached skill level 5 in Axes
  7635 | D:8      | Reached skill level 5 in Polearms
  7635 | D:8      | Reached skill level 5 in Staves
  7635 | D:8      | Reached skill level 5 in Ranged Weapons
  7635 | D:8      | Reached skill level 5 in Throwing
  7635 | D:8      | Reached skill level 5 in Armour
  7635 | D:8      | Reached skill level 5 in Stealth
  7635 | D:8      | Reached skill level 5 in Shields
  7635 | D:8      | Reached skill level 5 in Spellcasting
  7635 | D:8      | Reached skill level 5 in Evocations
  7653 | D:8      | HP: 4/81 [kobold/+0 whip of electrocution (13)]
  7939 | D:8      | Noticed Joseph
  7948 | D:8      | Killed Joseph
  8188 | D:8      | Paralysed by a hornet for 1 turns
  8388 | D:8      | Found a glowing silver altar of Zin.
  8457 | D:8      | Found an ornate altar of the Wu Jian Council.
  8853 | D:8      | Reached skill level 5 in Shapeshifting
  9143 | D:8      | Paralysed by a hornet for 1 turns
  9452 | D:9      | Slain by an efreet

Illustrated notes

Levels and vault maps discovered:
D:1:      lemuel_arrival_broad_hall, layout_loops_corners,
          basic_ecumenical_altar, minivault_5, chequers_serial_rivers_small_b
D:2:      layout_loops_ring
D:3:      layout_rooms, minmay_between
D:4:      layout_basic, nicolae_ru_great_annihilating_truth, uniq_edmund
D:5:      layout_basic, mainiacjoe_overflow_boulevard,
          minmay_temple_entry_junction, guppyfry_shop_venom, uniq_prince_ribbit1
D:6:      layout_layer_cave, minmay_mini_ossuary
D:7:      layout_cave_pools, old_standard_altar, general_overflow_altar,
          lightli_bailey_entry_fortress, nrook_loot_triangle
D:8:      layout_loops_ring, mainiacjoe_overflow_surrounded_room,
          nzn_wu_jian_council_hall, uniq_joseph
D:9:      layout_roguey, mainiacjoe_overflow_six_doors_small,
          hellmonk_lair_entry_icy, due_unseen_surprise
Temple:   hellmonk_temple_divided_pantheon

Skill      XL: |  1  2  3  4  5  6  7  8  9 10 |
---------------+-------------------------------+-----
Invocations    | 1 2 3 4 5 6 |  6.1
Short Blades   | 1 2 3 4 5 |  5.6
Long Blades    | 1 2 3 4 5 |  5.6
Axes           | 1 2 3 4 5 |  5.6
Polearms       | 1 2 3 4 5 |  5.6
Staves         | 1 2 3 4 5 |  5.6
Ranged Weapons | 1 2 3 4 5 |  5.6
Throwing       | 1 2 3 4 5 |  5.6
Armour         | 1 2 3 4 5 |  5.6
Stealth        | 1 2 3 4 5 |  5.6
Shields        | 1 2 3 4 5 |  5.6
Spellcasting   | 1 2 3 4 5 |  5.6
Evocations     | 1 2 3 4 5 |  5.6
Shapeshifting  | 1 2 3 4 5 |  5.1
Conjurations   | 1 2 3 4 |  4.6
Hexes          | 1 2 3 4 |  4.6
Summonings     | 1 2 3 4 |  4.6
Necromancy     | 1 2 3 4 |  4.6
Translocations | 1 2 3 4 |  4.6
Transmutations | 1 2 3 4 |  4.6
Fire Magic     | 1 2 3 4 |  4.6
Ice Magic      | 1 2 3 4 |  4.6
Air Magic      | 1 2 3 4 |  4.6
Earth Magic    | 1 2 3 4 |  4.6
Poison Magic   | 1 2 3 4 |  4.6
Unarmed Combat | 3 4 5 6 |  6.2
Fighting       | 7 8 |  8.7
Maces & Flails | 7 8 |  8.7
Dodging        | 7 8 |  8.7

Action                     |  1- 3 |  4- 6 |  7- 9 | 10-12 || total
---------------------------+-------+-------+-------+-------++-------
  Melee: Mace              |    87 |   140 |    14 |       ||   241
         Bite              |     5 |    10 |    35 |    15 ||    65
         Flail             |       |       |   254 |   126 ||   380
  Evoke: Wand              |       |       |     5 |     1 ||     6
    Use: Scroll            |       |       |     2 |     1 ||     3
   Stab: Sleeping          |       |     2 |       |       ||     2
         Paralysed         |       |     1 |       |       ||     1
         Distracted        |       |       |     1 |     2 ||     3
 Armour: Leather armour    |    39 |    36 |       |       ||    75
         Chain mail        |       |    56 |   384 |   164 ||   604
  Dodge: Dodged            |    31 |    64 |    99 |    44 ||   238
  Block: Kite shield       |    23 |    58 |   214 |    74 ||   369

Table legend: (Time is in decaauts)
 A = Elapsed time spent in this place.
 B = Non-inter-level travel time spent in this place.
 C = Inter-level travel time spent in this place.
 D = Time resting spent in this place.
 E = Time spent auto-exploring this place.
 F = Levels seen in this place.
 G = Mean time per level.
                   A        B        C        D        E       F      G
               +--------+--------+--------+--------+--------+-----+--------+
         Total |   9807 |   9194 |    613 |    228 |   6909 |  11 |  891.5 |
       Dungeon |   9609 |   9002 |    607 |    222 |   6837 |   9 | 1067.7 |
        Temple |     38 |     32 |      6 |      0 |      0 |   1 |   38.0 |
        Bailey |    159 |    159 |      0 |      6 |     72 |   1 |  159.0 |
               +--------+--------+--------+--------+--------+-----+--------+

Top non-repeatable levels by time:
     D:5: 1864 daAuts
     D:8: 1533 daAuts
     D:1: 1291 daAuts
     D:6: 1281 daAuts
     D:7: 1255 daAuts
     D:4: 892 daAuts
     D:3: 804 daAuts
     D:2: 676 daAuts
  Bailey: 159 daAuts
  Temple: 38 daAuts
     D:9: 10 daAuts
